 Dungeon Crawl Stone Soup version 0.25.1-2-g60ff931df9 (webtiles) character file.

Game seed: 1516396421482589274

1836 DogServant the Nimble (level 9, -1/72 HPs)
             Began as a Merfolk Gladiator on Nov 8, 2020.
             Was a Follower of Makhleb.
             Slain by Harold
             ... wielding a +2 scimitar of draining
              (4 damage)
             ... on level 8 of the Dungeon.
             The game lasted 00:11:05 (9706 turns).

DogServant the Nimble (Merfolk Gladiator)           Turns: 9706, Time: 00:11:06

Health: -1/72      AC:  7    Str: 17    XL:     9   Next: 11%
Magic:  9/9        EV: 17    Int:  8    God:    Makhleb [*.....]
Gold:   201        SH:  0    Dex: 19    Spells: 8/8 levels left

rFire    + . .     SeeInvis .   o - +0 long sword
rCold    . . .     Gourm    .   (no shield)
rNeg     . . .     Faith    .   B - +2 leather armour {rPois}
rPois    +         Spirit   .   c - +0 helmet
rElec    .         Reflect  .   (no cloak)
rCorr    .         Harm     .   e - +0 pair of gloves {archery}
MR       .....                  (no boots)
Stlth    ++........             r - amulet of magic regeneration
HPRegen  0.22/turn              k - ring of stealth
MPRegen  0.36/turn              p - +6 ring of dexterity

@: hasted, heavily drained, very quick
A: change form in water, swift swim, stealthy swim, clumsy 1, fire resistance 1
a: Renounce Religion


You were on level 8 of the Dungeon.
You worshipped Makhleb.
Makhleb was aware of your devotion.
You were not hungry.

You visited 2 branches of the dungeon, and saw 9 of its levels.

You collected 489 gold pieces.
You spent 288 gold pieces at shops.

Inventory:

Hand Weapons
 o - a +0 long sword (weapon)
 I - a +4 falchion
 J - a +3 scimitar
Missiles
 m - 12 javelins
 s - 2 atropa-tipped darts (quivered)
 u - 30 poisoned darts
Armour
 c - a +0 helmet (worn)
 e - a +0 pair of gloves of archery (worn)
 B - a +2 leather armour of poison resistance (worn)
Jewellery
 b - an uncursed ring of stealth
 k - a ring of stealth (left hand)
 p - a +6 ring of dexterity (right hand)
 r - an amulet of magic regeneration (around neck)
Wands
 w - a wand of clouds (4)
 A - a wand of iceblast (9)
 D - a wand of flame (13)
Scrolls
 j - 2 scrolls of enchant armour
 l - 2 scrolls of fear
 n - 3 scrolls of amnesia
 q - 3 scrolls of teleportation
 t - 4 scrolls of remove curse
 x - 2 scrolls of enchant weapon
 y - 4 scrolls of magic mapping
 z - 3 scrolls of blinking
 C - 6 scrolls of identify
 F - a scroll of fog {unknown}
Potions
 a - a potion of brilliance {unknown}
 g - 2 potions of flight
 h - a potion of stabbing
 i - 2 potions of curing {unknown}
 v - a potion of haste
 E - a potion of invisibility {unknown}
 H - a potion of berserk rage {unknown}
Comestibles
 f - 11 rations


   Skills:
 + Level 7.6(4.8) Fighting
 + Level 8.0(5.2) Long Blades
 - Level 2.0(0.0) Throwing
 + Level 9.5(6.6) Dodging


You had 8 spell levels left.
You didn't know any spells.
Your spell library was empty.

Dungeon Overview and Level Annotations

Branches:
Dungeon (8/15)             Temple (1/1) D:4
   Lair: D:8-11

Altars:
Ashenzari
Dithmenos
Elyvilon
Fedhas
Gozag
Hepliaklqana
Makhleb
Nemelex Xobeh
Okawaru
Qazlal
Ru
Sif Muna
Trog
Vehumet
Wu Jian
Xom
Yredelemnul
Zin
The Shining One

Shops:
D:6 *}?[}

Annotations:
D:8 exclusions: two-headed ogre and 2 more exclusions, Harold


Innate Abilities, Weirdness & Mutations

You revert to your normal form in water.
You are very nimble and swift while swimming.
You are very stealthy in the water. (Stealth+)
You are clumsy. (Dex -2)
Your flesh is heat resistant. (rF+)


Message History

Harold resists.
Harold is heavily wounded.
Harold hits you with a +2 scimitar of draining.
* * * LOW HITPOINT WARNING * * *
You feel drained.
* * * LOW HITPOINT WARNING * * *
Throwing (i - inventory. (/) - cycle)
s - 3 atropa-tipped darts (quivered)
Press: ? - help, Shift-Dir - straight line, f/p - Harold
Aim: Harold, wielding a +2 scimitar of draining, wearing a +0 scale mail, quivering 2 throwing nets and carrying a wand of digging (4) (heavily wounded, chance to blind on hit: 3%)
You throw an atropa-tipped dart. The atropa-tipped dart hits Harold.
Harold resists.
Harold is heavily wounded.
Harold hits you with a +2 scimitar of draining.
* * * LOW HITPOINT WARNING * * *
You feel drained.
* * * LOW HITPOINT WARNING * * *
Okay, then.
You feel yourself speed up.
Harold hits you with a +2 scimitar of draining.
You die...

.#.....P.P# #..PP..........#####
##....P...# #..P................
#.....P.P.P...P...####.###.#####
#.O..P.P.P...P...## #.# #.#
#####...P......P.# #.###.####
PPPP...## #........# ...P.##
#..####### ...#########..#
+@@.......^# #########.## #.#
#.# #.# ..# #.# ..#


You could see Harold.

Vanquished Creatures
  Eustachio (D:6)
  A porcupine (D:8)
  A black bear (D:8)
  An ogre (D:6)
  2 centaurs
  A bullfrog (D:7)
  5 wights (D:7)
  3 crimson imps
  3 hounds
  2 jellies
  2 orc priests (D:7)
  A gnoll shaman (D:7)
  4 orc wizards
  Ijyb (D:4)
  2 iguanas (D:7)
  3 worker ants
  A hound skeleton (D:7)
  A mummy (D:7)
  A howler monkey zombie (D:8)
  6 gnolls
  8 adders
  A shadow imp (D:3)
  An adder skeleton (D:8)
  2 worms
  A dart slug (D:1)
  A leopard gecko (D:5)
  18 orcs
  3 ball pythons
  2 giant cockroaches (D:3)
  8 hobgoblins
  2 jackals (D:2)
  5 quokkas
  5 bats
  4 frilled lizards
  8 goblins
  A goblin zombie (D:7)
  A hobgoblin zombie (D:7)
  15 kobolds
  A leopard gecko skeleton (D:8)
  A quokka zombie (D:6)
  6 rats
136 creatures vanquished.

Vanquished Creatures (collateral kills)
  An orc (D:7)
1 creature vanquished.

Vanquished Creatures (others)
  A sky beast (D:5)
  A big kobold (D:4)
  A quokka (D:4)
  A fungus (D:8)
4 creatures vanquished.

Grand Total: 141 creatures vanquished

Notes
Turn   | Place    | Note
-------+----------+-------------------------------------------
     0 | D:1      | DogServant the Merfolk Gladiator began the quest for the
                  | Orb.
     0 | D:1      | Reached XP level 1. HP: 16/16 MP: 1/1
   441 | D:1      | Reached XP level 2. HP: 17/23 MP: 2/2
  1696 | D:2      | Reached XP level 3. HP: 21/28 MP: 3/3
  2340 | D:2      | Reached XP level 4. HP: 34/35 MP: 4/4
  2641 | D:2      | Reached skill level 5 in Dodging
  3486 | D:3      | Reached XP level 5. HP: 17/41 MP: 5/5
  3495 | D:3      | HP: 1/41 [orc wizard/+0 dagger (2)]
  3881 | D:3      | Found a shadowy altar of Dithmenos.
  3906 | D:3      | Found a shimmering blue altar of Sif Muna.
  4332 | D:4      | Found a staircase to the Ecumenical Temple.
  4347 | Temple   | Entered the Ecumenical Temple
  4390 | Temple   | Became a worshipper of Makhleb the Destroyer
  4631 | D:4      | Noticed Ijyb
  4643 | D:4      | Killed Ijyb
  4976 | D:4      | Noticed a big kobold
  4981 | D:4      | Banished a big kobold
  4981 | D:4      | Reached skill level 5 in Long Blades
  4981 | D:4      | Reached skill level 6 in Dodging
  4981 | D:4      | Reached XP level 6. HP: 45/49 MP: 6/6
  5272 | D:5      | Entered Level 5 of the Dungeon
  5673 | D:5      | Noticed a sky beast
  5677 | D:5      | Banished a sky beast
  5677 | D:5      | Reached XP level 7. HP: 55/55 MP: 7/7
  5704 | D:5      | Reached skill level 5 in Fighting
  5754 | D:5      | Found a bloodstained altar of Trog.
  6094 | D:6      | Found Cer Duxt's Assorted Antiques.
  6127 | D:5      | Gained mutation: Your flesh is heat resistant. (rF+)
                  | [mutagenic glow]
  6165 | D:6      | Found Syguc's Gadget Shoppe.
  6165 | D:6      | Noticed Eustachio
  6187 | D:6      | Killed Eustachio
  6187 | D:6      | Reached skill level 7 in Dodging
  6243 | D:6      | Gained mutation: You are clumsy. (Dex -2) [mutagenic glow]
  6722 | D:6      | Found Ymuggaogg's Magic Scroll Boutique.
  6866 | D:6      | Found Neacza's Armour Shop.
  6918 | D:6      | Reached XP level 8. HP: 64/64 MP: 8/8
  6935 | D:6      | Found a bloodstained altar of Trog.
  7045 | D:6      | Found a glowing golden altar of the Shining One.
  7348 | D:6      | Found Veyxtamo's Gadget Boutique.
  7351 | D:6      | Bought a wand of clouds (4) for 288 gold pieces
  7547 | D:7      | Found a sand-covered staircase.
  7686 | D:7      | Reached skill level 8 in Dodging
  7785 | D:7      | Reached * piety under Makhleb
  8786 | D:7      | Reached skill level 9 in Dodging
  8998 | D:7      | Found a shimmering altar of Xom.
  9389 | D:8      | Noticed a two-headed ogre
  9444 | D:8      | Reached XP level 9. HP: 72/72 MP: 9/9
  9684 | D:8      | Noticed Harold
  9705 | D:8      | HP: 3/72 [Harold/+2 scimitar of draining (3)]
  9706 | D:8      | Slain by Harold

Illustrated notes

Levels and vault maps discovered:
D:1:      lemuel_arrival_broad_hall, layout_basic
D:2:      minmay_evil_eye, layout_basic
D:3:      cheibrodos_helix_gallery, layout_rooms, lemuel_blue_sif_altar,
          nicolae_overflow_hidden_temple, grunt_decor_arrowhead
D:4:      cheibrodos_thug_alley, layout_loops_cross,
          minmay_temple_entry_overgrown, uniq_ijyb, uniq_menkaure
D:5:      layout_loops_ring, lemuel_round_altar, first_ration
D:6:      layout_loops_corners, lemuel_doored_altar, serial_shops, shop_statue,
          nicolae_shop_behind_doors, shop, shop, nicolae_shop_crystal,
          trog_book, uniq_eustachio
D:7:      layout_loops_cross, lemuel_round_altar, nicolae_ossuary_entry_giza
D:8:      layout_basic, slow_altar_2, grunt_lair_entry_orc_guard_hut,
          david_nohive_1, uniq_harold, uniq_pikel
Temple:   minmay_temple_curvy_branch

Skill      XL: |  1  2  3  4  5  6  7  8  9 |
---------------+----------------------------+-----
Fighting       | 3 4 5 7 |  7.6
Long Blades    | 4 5 6 7 8 |  8.0
Dodging        | 5 6 7 9 |  9.5
Throwing       | |  2.0

Action                   |  1- 3 |  4- 6 |  7- 9 || total
-------------------------+-------+-------+-------++-------
Melee: Long sword        |   106 |    93 |   268 ||   467
       Falchion          |       |    30 |     3 ||    33
Throw: Javelin           |     2 |     6 |     9 ||    17
       Throwing net      |     1 |       |     4 ||     5
       Dart              |       |       |     3 ||     3
  Use: Scroll            |       |     8 |     3 ||    11
       Potion            |       |     5 |     2 ||     7
 Stab: Sleeping          |     1 |     3 |     6 ||    10
       Held in net/web   |       |       |     2 ||     2
       Distracted        |       |       |     1 ||     1
  Eat: Chunk             |     5 |     6 |     9 ||    20
       Ration            |       |     1 |     2 ||     3
Armor: Leather armour    |     2 |     5 |    61 ||    68
       Ring mail         |    36 |    39 |       ||    75
Dodge: Dodged            |    75 |    92 |   222 ||   389
       Rpst.: Long sword |    20 |    24 |    76 ||   120
       Falchion          |       |     4 |     1 ||     5
